 Dungeon Crawl Stone Soup version 0.18-a0-1800-gdc7a371 (webtiles) character file.

442572 RatWanderer the Slayer (level 22, -3/213 HPs)
             Began as a Demonspawn Wanderer on Apr 24, 2016.
             Was the Champion of Ru.
             Killed from afar by an ancient lich (58 damage)
             ... with a crystal spear
             ... on level 5 of the Vaults.
             The game lasted 02:31:30 (53978 turns).

RatWanderer the Slayer (Demonspawn Wanderer)       Turns: 53978, Time: 02:31:30

Health: -3/213     AC: 33    Str: 27    XL:     22   Next: 73%
Magic:  0/23       EV: 24    Int: 12    God:    Ru [******]
Gold:   857        SH:  9    Dex: 26    Spells: 0 memorised, 22 levels left

rFire  + + .     SeeInvis +     a - +8 demon trident (freeze)
rCold  + . .     Gourm    .     t - +2 pearl dragon armour
rNeg   + + +     Faith    .     T - +3 buckler of Crawling {+Inv rPois rC+ Int-4}
rPois  +         Spirit   +     W - +2 helmet {SInv}
rElec  +         Dismiss  .     R - +4 cloak of Ludan {+Inv rN+ Int+3 Dex+4}
rCorr  .         Reflect  .     M - +2 pair of gloves {Dex+3}
SustAt .         Harm     .     (boots unavailable)
MR     +....     Rnd*Rage +     g - amulet of rage
Stlth  ..........               l - ring "Wisch" {rPois rF+ Str+5 Slay+3 Stlth-}
                                V - ring "Giurohet" {rElec rN+ Str+2 Int-2 Slay+2}

@: mighty, exhausted, about to teleport, drained, somewhat resistant to hostile
enchantments, extremely unstealthy
A: talons 3, thin metallic scales 2, berserk 1, clumsy 1, demonic guardian 2,
fire resistance 1, hurl damnation, robust 1, slow regeneration 1, strong 1, wild
magic 1, magic shield, magic regeneration, magic link, flame cloud immunity, no
air magic, no summoning magic, no transmutations magic, reduced AC 1, unskilled
1, inexperienced 1
a: Damnation, Draw Out Power, Power Leap, Apocalypse, Renounce Religion, Evoke
Berserk Rage, Evoke Invisibility
}: 3/15 runes: serpentine, barnacled, silver


You were on level 5 of the Vaults.
You worshipped Ru.
Ru was exalted by your worship.
You were not hungry.

You visited 7 branches of the dungeon, and saw 41 of its levels.
You visited the Abyss 2 times.
You visited 1 bazaar.
You also visited: Labyrinth and Ice Cave.

You collected 4936 gold pieces.
You spent 4079 gold pieces at shops.

Inventory:

Hand Weapons
 a - a +8 demon trident of freezing (weapon)
 b - a +0 blowgun
 x - a +0 demon trident of electrocution
Missiles
 m - 426 stones
 u - 26 javelins (quivered)
 F - 47 poisoned needles
 I - 10 throwing nets
 U - 11 needles of confusion
Armour
 t - a +2 pearl dragon armour (worn)
 M - a +2 pair of gloves of dexterity (worn)
 R - the +4 cloak of Ludan (worn) {+Inv rN+ Int+3 Dex+4}
   (You acquired it on level 3 of the Depths)

   It affects your intelligence (+3).
   It affects your dexterity (+4).
   It protects you from negative energy.
   It lets you turn invisible.
 T - the +3 buckler of Crawling (worn) {+Inv rPois rC+ Int-4}
   (You acquired it on level 3 of the Depths)

   It affects your intelligence (-4).
   It protects you from cold.
   It protects you from poison.
   It lets you turn invisible.
 W - a +2 helmet of see invisible (worn)
Jewellery
 g - an amulet of rage (around neck)
 l - a ring "Wisch" (right hand) {rPois rF+ Str+5 Slay+3 Stlth-}
   (You bought it in a shop on level 2 of the Shoals)

   [ring of strength]

   It affects your strength (+5).
   It affects your accuracy and damage with ranged weapons and melee attacks
   (+3).
   It protects you from fire.
   It protects you from poison.
   It makes you less stealthy.
 E - an uncursed amulet of the gourmand
 G - the amulet of Miettuo {Spirit -Tele rElec Int+5 SInv}
   (You found it on level 6 of the Lair of Beasts)

   [amulet of guardian spirit]

   It causes incoming damage to be split between your health and magic.
   It affects your intelligence (+5).
   It insulates you from electricity.
   It lets you see invisible.
   It prevents most forms of teleportation.
 V - the ring "Giurohet" (left hand) {rElec rN+ Str+2 Int-2 Slay+2}
   (You bought it in a shop on level 8 of the Dungeon)

   [ring of slaying]

   It affects your strength (+2).
   It affects your intelligence (-2).
   It affects your accuracy and damage with ranged weapons and melee attacks
   (+2).
   It insulates you from electricity.
   It protects you from negative energy.
Wands
 s - a wand of enslavement (8/24)
 H - a wand of digging (1/24)
 J - a wand of teleportation (2/9)
 N - a wand of disintegration (3/24)
Scrolls
 h - 2 scrolls of holy word
 k - 5 scrolls of recharging
 n - a scroll of enchant armour
 o - 2 scrolls of blinking
 q - 9 scrolls of remove curse
 r - 5 scrolls of identify
 y - 5 scrolls of fear
 B - 4 scrolls of teleportation
 O - a scroll of fog
Potions
 d - 4 potions of resistance
 e - 3 potions of agility
 i - 2 potions of haste
 j - 2 potions of invisibility
 p - 5 potions of flight
 A - 11 potions of curing
 K - 6 potions of ambrosia
 P - 2 potions of berserk rage
Comestibles
 c - 3 slices of pizza
 f - 16 bread rations
 v - a meat ration
 z - a beef jerky
 L - 38 fruits


   Skills:
 + Level 21.3(20.3) Fighting
 - Level 15.4(14.5) Polearms
 + Level 18.7(17.7) Armour
 + Level 14.0(13.1) Dodging
 - Level 4.1(3.4) Shields
 - Level 0.8(0.2) Spellcasting
   Level 3.6(2.9) Poison Magic
 - Level 0.8(0.2) Evocations


You had 22 spell levels left.
You didn't know any spells.

Dungeon Overview and Level Annotations

Branches:
Dungeon (15/15)            Temple (0/1) D:6            Lair (8/8) D:11
 Shoals (4/4) Lair:4        Snake (4/4) Lair:5        Slime (0/6) Lair:6
    Orc (2/2) D:12            Elf (0/3) Orc:2        Vaults (5/5) D:14
  Crypt (0/3) Vaults:3     Depths (3/5) D:15

Altars:
Dithmenos
Elyvilon
Fedhas
Gozag
Kikubaaqudgha
Makhleb
Okawaru
Ru
Sif Muna
Trog
Yredelemnul
Zin
Beogh
Jiyva

Shops:
D:5 (   D:8 =   D:11 *   Orc:2 *[([   Shoals:2 =?=}?   Vaults:1 }[*
Vaults:3 [

Portals:
Hell: Depths:1 Depths:2 Depths:3
Abyss: Depths:1 Depths:3
Pandemonium: Depths:3

Annotations:
D:2 exclusion: downstairs
D:3 Terence
D:4 exclusion: downstairs, turtle's ghost, novice TrWr
D:6 Eustachio
Shoals:4 Ilsuiw
Snake:3 wvc's ghost, adept HEGl
Depths:2 exclusion: 2 orange crystal statues


Innate Abilities, Weirdness & Mutations

You have claws for feet.
You are mostly covered in thin metallic scales (AC +3).
You are clumsy. (Dex -2)
A demonic guardian rushes to your aid.
Your flesh is heat resistant.
You can hurl damnation.
You regenerate slowly when monsters are visible.
When hurt, damage is shared between your health and your magic reserves.
You regenerate magic rapidly.
When low on magic, you restore magic in place of health.
You are immune to clouds of flame.
You cannot study or cast Air magic.
You cannot study or cast Summoning magic.
You cannot study or cast Transmutations magic.
You take slightly more damage. (AC -3)
You are somewhat unskilled (-1 Apt).
You are somewhat inexperienced (-2 XL).
You tend to lose your temper in combat.
You are robust (+10% HP).
Your muscles are strong. (Str +2)
Your spells are a little harder to cast, but a little more powerful.


Message History

You block the demonic crawler's attack. The demonic crawler closely misses you.
The demonic crawler hits you but does no damage.
You redirect the deep elf demonologist's attack!
The ancient lich touches you but does no damage.
The demonic crawler hits you but does no damage.
The demonic crawler completely misses you.
You block the demonic crawler's attack.
The deep elf mage is engulfed in seething chaos.
The deep elf mage is healed somewhat.
The yaktaur captain is stunned by your will and fails to attack.
The Ice Fiend is stunned by your will and fails to attack.
The red devil hits your soul eater but does no damage.
The demonic crawler misses you. x2
The demonic crawler hits you but does no damage.
Unknown command.
Drink which item? (? for menu, Esc to quit)
You feel much better.
The ancient lich gestures at you while chanting.
The crystal spear hits you!
You die... #..(().......,,,,,,,,,......... #...(........,,,,,,,,,........) #.c..((......,,,,,,,,,,.....).< #............,,,,,,,,,,.....).) #..cc############******#####)W) #...#c..## ##r4## ##cp) #..#.....# #se33# ##W##. #..#.C...# ##Lsss#

##.###. #..#.4...###.#@1##
######.## #.
#..##.(.###.####e###(..#.## #.
#..###(###.##..##c#....)## #.
#..# ##.#.##.(..##19)((.# #.
#..###..)###..).###ec)..## *.
#..##.....#.#....###...#.## *,
#..##......####.).###(###.###*,
#..##.....#.####.#.#.## ##..##,
#..###...###.######.## ##....#,


You could see an ancient lich, a Tzitzimitl, an Ice Fiend (blind), 2 yaktaur
captains, 2 demonic crawlers, a deep elf demonologist, a war gargoyle, 2 deep
elf magi, a chaos spawn, a red devil (blind), 2 redbacks, a hell rat and a
friendly soul eater.

Vanquished Creatures
  Norris (Vaults:2)
  Margery (Vaults:4)
  A bone dragon (Abyss:2)
  A golden dragon (Vaults:5)
  Xtahua (Vaults:2)
  3 liches
  3 tentacled monstrosities
  An Ice Fiend (IceCv)
  5 quicksilver dragons
  3 titans (Vaults:5)
  2 sphinxes
  Frances (Snake:2)
  The ghost of Gruesome the Impaler, an adept DrFE of the Shining One (Vaults:1)
  A shadow dragon (Vaults:5)
  5 tengu reavers (Vaults:5)
  8 fire giants
  7 greater nagas
  2 deep elf sorcerers
  9 frost giants
  Maud (D:14)
  A ghoul (Vaults:4)
  2 emperor scorpions (Depths:2)
  8 vault wardens
  Aizul (Snake:2)
  16 stone giants
  A spriggan defender (Depths:2)
  12 very ugly things
  4 deep elf demonologists
  A vampire knight (Depths:3)
  4 war gargoyles
  17 ironheart preservers
  2 spark wasps (Depths:3)
  3 deep elf annihilators
  5 salamander stormcallers
  Azrael (D:14)
  An eidolon (Vaults:3)
  A blizzard demon (Abyss:3)
  4 merfolk javelineers
  12 ettins
  A minotaur (Lab)
  2 deep elf high priests
  Snorg (Orc:1)
  8 merfolk impalers
  4 fire dragons
  9 ice dragons
  26 vault guards
  Fannar (Orc:1)
  6 great orbs of eyes
  3 entropy weavers
  6 hydras
  7 yaktaur captains
  A merfolk avatar (Shoals:4)
  A great orb of eyes (shapeshifter) (Vaults:4)
  10 naga warriors
  3 rakshasas
  4 spriggan air magi
  3 death knights
  A catoblepas (Lair:8)
  2 merfolk aquamancers (Shoals:4)
  A satyr (Shoals:2)
  12 centaur warriors
  9 anacondas
  9 ogre magi
  5 deep troll shamans
  5 tengu warriors
  3 vampire magi
  Urug (Orc:1)
  6 death yaks
  8 deep troll earth magi
  3 thrashing horrors
  Nergalle (D:11)
  17 naga sharpshooters
  7 shock serpents
  5 spriggan berserkers
  7 deep elf knights
  A fire crab (shapeshifter) (Vaults:5)
  A shadow wraith (D:14)
  2 fire crabs
  An iron troll (Depths:1)
  A salamander mystic (Snake:4)
  An unseen horror (D:14)
  28 deep trolls
  3 flayed ghosts
  3 giant orange brains
  2 hell knights
  11 sea snakes
  3 wizards
  2 hill giants (Vaults:1)
  6 deep elf archers
  A shadow demon (Abyss:2)
  4 naga ritualists
  A shadow dragon zombie (Vaults:4)
  13 ironbrand convokers
  2 lindwurms
  5 necromancers
  6 phantasmal warriors
  18 orc knights
  16 deep elf magi
  30 harpies
  10 manticores
  6 griffons
  4 wolf spiders
  7 mana vipers
  A hornet (shapeshifter) (Depths:2)
  9 cyclopes
  9 fauns
  2 orc sorcerers
  A stone giant zombie (Depths:2)
  20 ugly things
  A fire giant zombie (Depths:2)
  A tengu skeleton (Vaults:4)
  A sixfirhy (Abyss:2)
  A sphinx skeleton (Depths:2)
  3 hornets
  4 sirens
  A frost giant skeleton (Depths:2)
  A rust devil (Abyss:2)
  11 elephants
  5 salamanders
  2 ice statues (IceCv)
  14 naga magi
  14 vault sentinels
  4 water nymphs
  A centaur zombie (D:11)
  26 black mambas
  2 guardian serpents (shapeshifter)
  5 guardian serpents (Snake:4)
  14 spiny frogs
  A smoke demon (D:14)
  7 komodo dragons
  2 rime drakes (Lair:7)
  7 freezing wraiths
  4 kobold demonologists
  10 ice devils (IceCv)
  21 yaktaurs
  2 efreet
  A red devil (Abyss:2)
  3 ancient zymes (Abyss:3)
  25 merfolk
  2 jumping spiders
  5 trolls
  A polar bear (Lair:8)
  3 tengu conjurers
  A wind drake (Shoals:4)
  A tengu simulacrum (Vaults:4)
  15 two-headed ogres
  8 slime creatures
  4 snapping turtles
  A boulder beetle (Vaults:5)
  3 blink frogs (Lair:4)
  Grinder (D:5)
  An ettin zombie (Vaults:4)
  5 raiju
  9 large abominations
  A hornet zombie (D:15)
  A centaur simulacrum (D:14)
  A flying skull (Abyss:2)
  2 tarantellas (shapeshifter)
  16 water elementals
  11 redbacks
  3 shadows
  4 wraiths
  37 yaks
  2 vampires
  2 spriggans (shapeshifter)
  2 air elementals (Depths:2)
  A ynoxinul (Abyss:3)
  A tarantella (Vaults:5)
  2 hogs (D:13)
  A wyvern (D:13)
  A hog (shapeshifter) (Depths:2)
  A fire elemental (D:14)
  A golden eye (shapeshifter) (Vaults:2)
  5 hungry ghosts
  3 basilisks
  2 yaks (shapeshifter)
  A fire bat (Abyss:3)
  3 neqoxecs
  20 vampire mosquitoes
  A yaktaur simulacrum (Vaults:1)
  A hippogriff (shapeshifter) (Vaults:2)
  8 hippogriffs
  3 mottled dragons
  A soldier ant (D:12)
  40 nagas
  7 wargs
  7 hell hounds
  11 water moccasins
  11 porcupines
  An eye of draining (D:13)
  11 small abominations
  4 sky beasts
  55 orc warriors
  2 black bears (Lair:8)
  3 phantoms
  8 ice beasts
  32 ogres
  4 wasps
  An ogre (shapeshifter) (Vaults:1)
  9 boggarts
  15 wolves
  24 centaurs
  13 crocodiles
  7 big kobolds
  25 giant frogs
  2 gnoll sergeants
  2 wyvern zombies
  4 scorpions
  A wyvern skeleton (D:13)
  A human simulacrum (Vaults:4)
  A troll skeleton (D:9)
  4 spriggan skeletons
  3 vampire bats
  13 wights
  2 electric eels (Snake:3)
  4 howler monkeys
  A giant frog zombie (D:13)
  6 crimson imps
  5 quasits
  6 hounds
  A giant frog skeleton (D:12)
  12 orc priests
  5 centaur skeletons
  Crazy Yiuf (D:3)
  2 iron imps
  6 iguanas
  22 orc wizards
  13 worker ants
  23 sheep
  2 worker ant zombies
  A howler monkey skeleton (D:8)
  16 gnolls
  13 adders
  34 river rats
  2 shadow imps
  17 white imps
  6 ufetubi
  3 oozes
  2 adder skeletons (D:6)
  A worm (D:3)
  8 giant geckos
  116 orcs
  24 bats
  2 bat skeletons (D:3)
  3 bat zombies (D:3)
  8 giant cockroaches
  9 goblins
  10 hobgoblins
  8 jackals
  4 quokkas
  A ball python (D:4)
  A giant gecko skeleton (D:8)
  5 giant newts
  16 kobolds
  A quokka skeleton (D:4)
  7 rats
  A spectral orc (D:5)
  2 fungi (D:11)
  A lurking horror (Abyss:2)
  2 plants (Lair:8)
1729 creatures vanquished.

Vanquished Creatures (collateral kills)
  Vashnia (Snake:2)
  3 bone dragons
  Jorgrun (Vaults:2)
  Rupert (D:14)
  Asterion (Vaults:2)
  A titan (Vaults:5)
  Kirke (D:13)
  4 greater nagas
  A vault warden (Vaults:2)
  2 stone giants
  2 ironheart preservers
  3 vault guards
  A deep elf high priest (Vaults:5)
  A yaktaur captain (Depths:2)
  2 merfolk impalers
  A crystal guardian (Vaults:4)
  2 great orbs of eyes (Depths:1)
  2 ice dragons
  A naga warrior (Snake:4)
  2 hydras
  A merfolk avatar (Shoals:2)
  A catoblepas (Lair:8)
  2 ogre magi
  3 death yaks
  A vampire mage (Abyss:2)
  4 deep troll shamans
  A tengu warrior (Depths:3)
  A deep troll earth mage (Vaults:5)
  A salamander mystic (Snake:4)
  A sea snake (Snake:3)
  A giant orange brain (Vaults:1)
  8 deep trolls
  A hill giant (D:12)
  A harpy (Vaults:2)
  3 naga ritualists
  3 necromancers
  A wolf spider (Vaults:2)
  A griffon (Lair:7)
  8 deep elf magi
  2 salamanders (Vaults:4)
  3 ugly things
  Joseph (D:7)
  6 fauns
  4 elephants (Lair:6)
  A centaur zombie (D:10)
  3 black mambas
  A siren (Shoals:3)
  4 naga magi
  2 vault sentinels (Vaults:4)
  4 guardian serpents
  2 centaur skeletons
  3 yaktaurs
  2 merfolk (Shoals:1)
  A wolf spider simulacrum (D:15)
  3 raiju (Abyss:3)
  A hornet zombie (D:15)
  A shadow (D:11)
  3 redbacks
  An air elemental (Depths:2)
  A large abomination (Abyss:2)
  2 wyverns
  A wraith (Vaults:1)
  16 yaks
  A hog (D:13)
  A vampire mosquito (D:12)
  A hippogriff (D:6)
  A warg (Vaults:1)
  8 nagas
  A hell hound (D:14)
  2 orc warriors
  3 ogres
  2 boggarts (Depths:1)
  4 centaurs
  2 crocodiles
  A giant frog (Lair:4)
  A crimson imp (D:7)
  A wyvern simulacrum (D:15)
  A quasit (D:11)
  An iguana (D:5)
  A worker ant (D:12)
  A shadow imp (D:6)
  2 orcs (D:3)
  A ball python (D:4)
  5 kobolds
185 creatures vanquished.

Vanquished Creatures (others)
  A tengu reaver (Vaults:5)
  A vault warden (Vaults:5)
  2 ironheart preservers
  An ettin (Vaults:5)
  2 yaktaur captains (Vaults:5)
  2 griffons
  A black mamba (Lair:5)
  2 freezing wraiths
  A vampire (D:12)
  A human (D:13)
  A naga (Snake:4)
  A centaur (D:13)
  4 white imps
  3 ufetubi (IceCv)
  An orc (Orc:1)
  A fire vortex (Vaults:4)
  41 fungi
  19 plants
85 creatures vanquished.

Grand Total: 1999 creatures vanquished

Notes
Turn   | Place    | Note
--------------------------------------------------------------
     0 | D:1      | RatWanderer the Demonspawn Wanderer began the quest for the Orb.
     0 | D:1      | RatWanderer set off with: a +2 spear, the Handbook of Transformation, a wand of random effects (15/48), a +0 robe, a bread ration
     0 | D:1      | Reached XP level 1. HP: 16/16 MP: 2/2
     0 | D:1      | Identified the Handbook of Transformation
    76 | D:1      | Reached skill level 1 in Polearms
   405 | D:1      | Gained mutation: You are partially covered in thin metallic scales (AC +2). [demonic ancestry]
   405 | D:1      | Reached XP level 2. HP: 22/22 MP: 3/3
   748 | D:1      | Gained mutation: You have sharp toenails. [demonic ancestry]
   748 | D:1      | Reached XP level 3. HP: 27/27 MP: 4/4
  1134 | D:2      | Found a white marble altar of Elyvilon.
  1399 | D:2      | Found a sacrificial altar of Ru.
  1413 | D:2      | Gained mutation: A weak demonic guardian rushes to your aid. [demonic ancestry]
  1413 | D:2      | Reached XP level 4. HP: 28/33 MP: 5/5
  1479 | D:2      | Became a worshipper of Ru the Awakened
  2139 | D:2      | Gained mutation: You have razor-sharp toenails. [demonic ancestry]
  2139 | D:2      | Reached XP level 5. HP: 37/38 MP: 6/6
  2354 | D:3      | Noticed Grinder
  3237 | D:3      | Noticed Crazy Yiuf
  3245 | D:3      | Killed Crazy Yiuf
  3245 | D:3      | Reached skill level 5 in Polearms
  3749 | D:3      | Found a blossoming altar of Fedhas.
  3887 | D:3      | Gained mutation: You are somewhat inexperienced (-2 XL). [Ru sacrifice]
  3887 | D:3      | Reached XP level 4. HP: 33/33 MP: 5/5
  3887 | D:3      | Reached XP level 3. HP: 27/27 MP: 4/4
  3887 | D:3      | Reached * piety under Ru
  3898 | D:3      | Found an ancient bone altar of Kikubaaqudgha.
  3904 | D:3      | Reached XP level 4. HP: 33/33 MP: 5/5
  3925 | D:3      | Reached XP level 5. HP: 28/38 MP: 6/6
  4058 | D:3      | Noticed Terence
  4196 | D:4      | Noticed a phantom
  4420 | D:4      | Killed a phantom
  4442 | D:4      | Noticed turtle's ghost (novice TrWr)
  4525 | D:4      | Gained mutation: When hurt, damage is shared between your health and your magic reserves. [demonic ancestry]
  4525 | D:4      | Reached XP level 6. HP: 43/44 MP: 7/7
  4654 | D:4      | Found an opulent altar of Gozag.
  4800 | D:5      | Entered Level 5 of the Dungeon
  4800 | D:5      | Found Qeruboy's Weapon Shoppe.
  4804 | D:5      | Found a bloodstained altar of Trog.
  5281 | D:5      | Gained mutation: A demonic guardian rushes to your aid. [demonic ancestry]
  5281 | D:5      | Reached XP level 7. HP: 39/50 MP: 6/8
  5765 | D:5      | Found a basalt altar of Yredelemnul.
  5854 | D:5      | Killed Grinder
  6218 | D:4      | Reached XP level 8. HP: 55/56 MP: 9/9
  6834 | D:6      | Gained mutation: You cannot study or cast Air magic. [Ru sacrifice]
  6834 | D:6      | Gained mutation: You cannot study or cast Transmutations magic. [Ru sacrifice]
  6834 | D:6      | Gained mutation: You cannot study or cast Summoning magic. [Ru sacrifice]
  6834 | D:6      | Reached ** piety under Ru
  6911 | D:6      | Reached skill level 10 in Polearms
  6941 | D:6      | Found a staircase to the Ecumenical Temple.
  7077 | D:6      | Noticed Eustachio
  7095 | D:6      | Gained mutation: You have claws for feet. [demonic ancestry]
  7095 | D:6      | Reached XP level 9. HP: 61/61 MP: 10/10
  7277 | D:7      | Noticed Joseph
  7303 | D:7      | Killed Joseph
  7428 | D:7      | Found a burning altar of Makhleb.
  7737 | D:7      | Found an iron altar of Okawaru.
  8222 | D:8      | Gained mutation: Your natural rate of healing is unusually fast. [mutagenic meat]
  8311 | D:8      | Found Engihupo's Jewellery Emporium.
  8325 | D:8      | Bought the ring "Giurohet" {rElec rN+ Str+2 Int-2 Slay+2} for 470 gold pieces
  9051 | D:9      | Lost mutation: Your natural rate of healing is unusually fast. [Ru sacrifice]
  9051 | D:9      | Gained mutation: You regenerate slowly when monsters are visible. [Ru sacrifice]
  9051 | D:9      | Reached *** piety under Ru
  9517 | D:9      | Reached XP level 10. HP: 66/67 MP: 11/11
  9714 | D:9      | Found a glowing silver altar of Zin.
  9747 | D:10     | Entered Level 10 of the Dungeon
 10420 | D:11     | Found a staircase to the Lair.
 10762 | D:11     | Reached skill level 1 in Dodging
 10900 | D:11     | Found Rawear's General Store.
 10949 | D:11     | Bought a scroll of blinking for 112 gold pieces
 10992 | D:11     | Reached skill level 3 in Fighting
 10992 | D:11     | Gained mutation: Your flesh is heat resistant. [demonic ancestry]
 10992 | D:11     | Reached XP level 11. HP: 69/75 MP: 10/12
 11053 | D:11     | Gained mutation: You are somewhat unskilled (-1 Apt). [Ru sacrifice]
 11053 | D:11     | Reduced skill Fighting to level 2
 11053 | D:11     | Reduced skill Armour to level 1
 11053 | D:11     | Reached **** piety under Ru
 11053 | D:11     | Reached ***** piety under Ru
 11058 | D:11     | Noticed a purple ugly thing
 11066 | D:11     | Killed a purple ugly thing
 11468 | D:12     | Noticed Nergalle
 11794 | D:12     | Noticed a five-headed hydra
 11802 | D:12     | Killed a five-headed hydra
 12350 | D:12     | Noticed a hill giant
 12484 | D:12     | Killed a hill giant
 12604 | Lair:1   | Entered Level 1 of the Lair of Beasts
 12718 | Lair:1   | Noticed a seven-headed hydra
 12726 | Lair:1   | Killed a seven-headed hydra
 12800 | Lair:1   | Reached skill level 3 in Fighting
 13240 | Lair:1   | Reached skill level 4 in Fighting
 13636 | Lair:2   | Found a deep blue altar of Sif Muna.
 14111 | Lair:2   | Gained mutation: You are mostly covered in thin metallic scales (AC +3). [demonic ancestry]
 14111 | Lair:2   | Reached XP level 12. HP: 79/84 MP: 11/13
 14752 | Lair:3   | Reached skill level 5 in Fighting
 15542 | Lair:4   | Gained mutation: You are clumsy. (Dex -2) [Ru sacrifice]
 15547 | Lair:4   | Found a staircase to the Shoals.
 15750 | Lair:4   | Reached skill level 6 in Fighting
 15750 | Lair:4   | Reached skill level 5 in Armour
 15752 | Lair:4   | Noticed a six-headed hydra
 15758 | Lair:4   | Killed a six-headed hydra
 16294 | Lair:5   | Found a staircase to the Snake Pit.
 16304 | Lair:5   | Reached skill level 7 in Fighting
 16420 | Lair:5   | Noticed a death yak
 16421 | Lair:5   | Noticed a death yak
 16422 | Lair:5   | Noticed a death yak
 16423 | Lair:5   | Noticed a death yak
 16432 | Lair:5   | Noticed a death yak
 16432 | Lair:5   | Killed a death yak
 16435 | Lair:5   | Killed a death yak
 16438 | Lair:5   | Noticed a death yak
 16479 | Lair:5   | Killed a death yak
 16485 | Lair:5   | Killed a death yak
 16486 | Lair:5   | Killed a death yak
 16488 | Lair:5   | Killed a death yak
 16581 | Lair:5   | Reached skill level 8 in Fighting
 16888 | Lair:6   | Noticed a five-headed hydra
 16891 | Lair:6   | Reached XP level 13. HP: 82/98 MP: 6/14
 16905 | Lair:6   | Gained mutation: You are very clumsy. (Dex -4) [potion of mutation]
 16905 | Lair:6   | Gained mutation: You occasionally shout uncontrollably at your foes. [potion of mutation]
 16905 | Lair:6   | Gained mutation: Scrolls take you a little longer to read. [potion of mutation]
 16906 | Lair:6   | Lost mutation: You occasionally shout uncontrollably at your foes. [potion of cure mutation]
 16906 | Lair:6   | Lost mutation: Scrolls take you a little longer to read. [potion of cure mutation]
 16906 | Lair:6   | Lost mutation: You are very clumsy. (Dex -4) [potion of cure mutation]
 16916 | Lair:6   | Got a bound zirconium amulet
 16974 | Lair:6   | Identified the amulet of Miettuo {Spirit -Tele rElec Int+5 SInv} (You found it on level 6 of the Lair of Beasts)
 16989 | Lair:6   | Found a staircase to the Slime Pits.
 16995 | Lair:6   | Found a viscous altar of Jiyva.
 17062 | Lair:6   | Gained mutation: You take slightly more damage. (AC -3) [Ru sacrifice]
 17062 | Lair:6   | Reached ****** piety under Ru
 17147 | Lair:6   | Gained mutation: Your spells are a little harder to cast, but a little more powerful. [potion of beneficial mutation]
 17486 | Lair:6   | Reached skill level 9 in Fighting
 18588 | Lair:8   | Entered Level 8 of the Lair of Beasts
 18747 | Lair:8   | Reached skill level 10 in Fighting
 18842 | Lair:8   | Got an ebony glaive
 18852 | Lair:8   | Identified the cursed +2 glaive of the King {freeze, Dex+4} (You found it on level 8 of the Lair of Beasts)
 18863 | Lair:8   | Identified Sif Muna's Almanac of Shifting Creation (You found it on level 8 of the Lair of Beasts)
 19652 | Snake:1  | Entered Level 1 of the Snake Pit
 19800 | Snake:1  | Identified a scroll of acquirement
 19802 | Snake:1  | Got a crude chain mail
 19813 | Snake:1  | Identified the +0 chain mail of Calculation {rElec MR+ Int-4} (You acquired it on level 1 of the Snake Pit)
 19908 | Snake:1  | Reached XP level 14. HP: 99/111 MP: 15/15
 20465 | Snake:2  | Reached skill level 11 in Fighting
 20591 | Snake:2  | Reached skill level 10 in Armour
 20623 | Snake:2  | Noticed Frances
 20623 | Snake:2  | Noticed a greater naga
 20636 | Snake:2  | Killed a greater naga
 20736 | Snake:2  | Killed Frances
 20759 | Snake:2  | Found a frozen archway.
 20780 | IceCv    | Entered an ice cave
 21778 | IceCv    | Noticed an Ice Fiend
 21789 | IceCv    | Killed an Ice Fiend
 22298 | Snake:2  | Reached skill level 12 in Fighting
 22313 | Snake:2  | Noticed Aizul
 22334 | Snake:2  | Killed Aizul
 22651 | Snake:2  | Noticed Vashnia
 23401 | Snake:2  | Killed Vashnia
 24097 | Snake:3  | Noticed wvc's ghost (adept HEGl)
 24154 | Snake:3  | Noticed a greater naga
 24163 | Snake:3  | Killed a greater naga
 24385 | Snake:3  | Reached XP level 15. HP: 116/122 MP: 11/16
 24493 | Snake:3  | Noticed a greater naga
 24620 | Snake:3  | Killed a greater naga
 24770 | Snake:4  | Entered Level 4 of the Snake Pit
 24774 | Snake:4  | Noticed a greater naga
 24779 | Snake:4  | Reached skill level 13 in Fighting
 24787 | Snake:4  | Killed a greater naga
 25334 | Snake:4  | Reached skill level 5 in Dodging
 25714 | Snake:4  | Noticed a greater naga
 25731 | Snake:4  | Killed a greater naga
 25766 | Snake:4  | Noticed a greater naga
 25770 | Snake:4  | Noticed a greater naga
 25804 | Snake:4  | Killed a greater naga
 26053 | Snake:4  | Noticed a greater naga
 26058 | Snake:4  | Killed a greater naga
 26105 | Snake:4  | Reached skill level 14 in Fighting
 26394 | Snake:4  | Noticed a greater naga
 26396 | Snake:4  | Killed a greater naga
 26423 | Snake:4  | Noticed a greater naga
 26458 | Snake:4  | Killed a greater naga
 26706 | Snake:4  | Reached XP level 16. HP: 91/133 MP: 17/17
 27520 | Snake:4  | Got a serpentine rune of Zot
 27987 | D:11     | Killed Nergalle
 28572 | D:12     | Found a staircase to the Orcish Mines.
 28636 | D:13     | Noticed Kirke
 28648 | D:13     | Killed Kirke
 28813 | D:13     | Found a labyrinth entrance.
 28839 | Lab      | Entered a labyrinth
 29073 | Lab      | Identified Sif Muna's Compendium of Earth
 29076 | Lab      | Identified the Catalogue of Satyriasis
 29129 | D:13     | Reached skill level 10 in Dodging
 30289 | D:14     | Noticed Maud
 30298 | D:14     | Killed Maud
 30444 | D:14     | Paralysed by an iron imp for 2 turns
 30510 | D:14     | Noticed Azrael
 30523 | D:14     | Killed Azrael
 30577 | D:14     | Noticed Rupert
 30951 | D:14     | Reached skill level 15 in Fighting
 31017 | D:14     | Found a gate to the Vaults.
 31190 | D:15     | Entered Level 15 of the Dungeon
 31485 | D:15     | Paralysed by an orc sorcerer for 3 turns
 31801 | D:15     | Found a shadowy altar of Dithmenos.
 32078 | D:15     | Found a staircase to the Depths.
 32234 | Orc:1    | Entered Level 1 of the Orcish Mines
 32454 | Orc:2    | Entered Level 2 of the Orcish Mines
 32492 | Orc:1    | Found a roughly hewn altar of Beogh.
 32492 | Orc:1    | Noticed Snorg
 32498 | Orc:1    | Killed Snorg
 32502 | Orc:1    | Noticed Fannar
 32524 | Orc:1    | Killed Fannar
 32943 | Orc:1    | Noticed Urug
 32953 | Orc:1    | Killed Urug
 33603 | Orc:2    | Found a staircase to the Elven Halls.
 33668 | Orc:2    | Found Etisaw's Armour Shop.
 33668 | Orc:2    | Found Toucridgh's Antique Weapon Emporium.
 33691 | Orc:2    | Gained mutation: You are immune to clouds of flame. [demonic ancestry]
 33691 | Orc:2    | Reached XP level 17. HP: 142/142 MP: 18/18
 33700 | Orc:2    | Bought a +2 helmet of see invisible for 279 gold pieces
 33739 | Orc:2    | Found a roughly hewn altar of Beogh.
 33790 | Orc:2    | Found Qymnevan's Armour Shop.
 33790 | Orc:2    | Found Dunyem's Assorted Antiques.
 34126 | Orc:2    | Bought a scroll of identify for 48 gold pieces
 34126 | Orc:2    | Bought a potion of curing for 72 gold pieces
 34126 | Orc:2    | Bought a potion of haste for 240 gold pieces
 34135 | Orc:2    | Bought a +0 pearl dragon armour for 1300 gold pieces
 34135 | Orc:2    | Bought a +2 pair of gloves of dexterity for 279 gold pieces
 34508 | D:14     | Paralysed by Rupert for 7 turns
 34522 | D:14     | Killed Rupert
 34637 | Vaults:1 | Entered Level 1 of the Vaults
 34663 | Vaults:1 | Found Fuop's Antique Armour Boutique.
 34663 | Vaults:1 | Found Qeakuyg's General Store.
 34669 | Vaults:1 | Bought a scroll of identify for 34 gold pieces
 34676 | Vaults:1 | Bought a crude chain mail for 199 gold pieces
 34676 | Vaults:1 | Identified the +1 chain mail of Ralujega {Str+3} (You bought it in a shop on level 1 of the Vaults)
 35005 | Vaults:1 | Noticed Gruesome's ghost (adept DrFE)
 35029 | Vaults:1 | Reached skill level 16 in Fighting
 35045 | Vaults:1 | Killed Gruesome's ghost
 35096 | Vaults:1 | Found a flickering gateway to a bazaar.
 35102 | Bazaar   | Entered a bazaar
 35106 | Bazaar   | Found Purohuvu's Jewellery Boutique.
 35124 | Bazaar   | Found Biufub's Antique Weapon Emporium.
 35141 | Bazaar   | Found Camnuyv's Armour Boutique.
 35158 | Bazaar   | Found Baercho's Food Shoppe.
 35653 | Vaults:1 | Found Disaorunoe's Gadget Boutique.
 36543 | Vaults:2 | Noticed Jorgrun
 36550 | Vaults:2 | Killed Jorgrun
 36623 | Vaults:2 | Noticed Xtahua
 36636 | Vaults:2 | Killed Xtahua
 37277 | Vaults:2 | Noticed Norris
 37306 | Vaults:2 | Killed Norris
 37306 | Vaults:2 | Reached XP level 18. HP: 103/153 MP: 13/19
 37340 | Vaults:2 | Got a polished buckler
 37351 | Vaults:2 | Identified the +1 buckler of Music {rF+ Str+5} (You took it off Norris on level 2 of the Vaults)
 37366 | Vaults:2 | Reached skill level 17 in Fighting
 37835 | Vaults:2 | Noticed Asterion
 37844 | Vaults:2 | Killed Asterion
 38416 | Vaults:3 | Found Guus's Antique Armour Boutique.
 38422 | Vaults:3 | Bought a dazzling helmet for 199 gold pieces
 38422 | Vaults:3 | Identified the +0 helmet of Okawaru's Anger {rPois Str+3 Int-5} (You bought it in a shop on level 3 of the Vaults)
 38868 | Vaults:3 | Reached skill level 15 in Armour
 38872 | Vaults:3 | Found a staircase to the Crypt.
 39064 | Vaults:3 | Cast into level 3 of the Abyss (a deep elf demonologist)
 39121 | Abyss:3  | Noticed a lich
 39189 | Abyss:3  | Gained mutation: You tend to lose your temper in combat. [a neqoxec]
 39289 | Abyss:3  | Noticed a bone dragon
 39304 | Abyss:3  | Killed a bone dragon
 39304 | Abyss:3  | Reached skill level 18 in Fighting
 39307 | Vaults:3 | Escaped the Abyss
 39982 | Vaults:3 | Noticed a tentacled monstrosity
 39983 | Vaults:3 | Gained mutation: You can hurl damnation. [demonic ancestry]
 39983 | Vaults:3 | Reached XP level 19. HP: 141/163 MP: 17/20
 40517 | Vaults:4 | Noticed Margery
 40568 | Vaults:4 | Killed Margery
 40672 | Vaults:4 | Noticed a Tzitzimitl
 42116 | Vaults:4 | Reached skill level 19 in Fighting
 42996 | Shoals:1 | Entered Level 1 of the Shoals
 43607 | Shoals:2 | Found Wirgheb's Magic Scroll Shop.
 43621 | Shoals:2 | Found Qif Vone's Gadget Boutique.
 43691 | Shoals:2 | Found Mycraiss's Jewellery Emporium.
 43995 | Shoals:2 | Found Eshaec's Magic Scroll Shoppe.
 44017 | Shoals:2 | Found Masuofeu's Jewellery Shoppe.
 44020 | Shoals:2 | Gained mutation: You regenerate magic rapidly. [demonic ancestry]
 44020 | Shoals:2 | Reached XP level 20. HP: 124/174 MP: 21/21
 44504 | Shoals:3 | Reached skill level 15 in Polearms
 45176 | Shoals:4 | Entered Level 4 of the Shoals
 45479 | Shoals:4 | Got a barnacled rune of Zot
 45519 | Shoals:4 | Noticed Ilsuiw
 45733 | Shoals:3 | Cast into level 2 of the Abyss (merfolk impaler)
 45775 | Abyss:2  | Noticed a bone dragon
 45792 | Abyss:2  | Killed a bone dragon
 45856 | Abyss:2  | Noticed a bone dragon
 45870 | Abyss:2  | Killed a bone dragon
 46058 | Abyss:2  | Noticed a bone dragon
 46103 | Abyss:2  | Killed a bone dragon
 46225 | Shoals:3 | Escaped the Abyss
 46387 | Shoals:2 | Bought a ring "Wisch" {rPois rF+ Str+5 Slay+3 Stlth-} for 847 gold pieces
 46820 | Depths:1 | Entered Level 1 of the Depths
 46826 | Depths:1 | Found a one-way gate to the infinite horrors of the Abyss.
 47135 | Depths:1 | Paralysed by a great orb of eyes for 2 turns
 47767 | Depths:1 | Found a gateway to Hell.
 49216 | Depths:2 | Reached skill level 20 in Fighting
 49216 | Depths:2 | Reached XP level 21. HP: 151/183 MP: 18/22
 50820 | Depths:2 | Noticed a caustic shrike
 51512 | Depths:3 | Gained mutation: Your muscles are strong. (Str +2) [potion of beneficial mutation]
 51513 | Depths:3 | Gained mutation: You are robust (+10% HP). [potion of beneficial mutation]
 52379 | Depths:3 | Found a one-way gate leading to the halls of Pandemonium.
 52653 | Depths:3 | Got a warped buckler
 52655 | Depths:3 | Got a dazzling cloak
 52666 | Depths:3 | Identified the +4 cloak of Ludan {+Inv rN+ Int+3 Dex+4} (You acquired it on level 3 of the Depths)
 52677 | Depths:3 | Identified the +3 buckler of Crawling {+Inv rPois rC+ Int-4} (You acquired it on level 3 of the Depths)
 52989 | Vaults:5 | Entered Level 5 of the Vaults
 52998 | Vaults:5 | Gained mutation: When low on magic, you restore magic in place of health. [demonic ancestry]
 52998 | Vaults:5 | Reached XP level 22. HP: 211/211 MP: 14/23
 53022 | Vaults:5 | Noticed a golden dragon
 53051 | Vaults:5 | Killed a golden dragon
 53079 | Vaults:5 | Reached skill level 21 in Fighting
 53515 | Vaults:5 | Got a silver rune of Zot
 53533 | Vaults:5 | Got a steaming leather armour
 53534 | Vaults:5 | Identified the cursed +0 leather armour "Declaet" {rF- rC++ MR+ Stlth+} (You took it off a tengu reaver on level 5 of the Vaults)
 53910 | Vaults:5 | Noticed an ancient lich
 53978 | Vaults:5 | Killed from afar by an ancient lich

Vault maps used:
D:1:      minmay_arrival_arboretum_small
D:2:      minmay_kobold_bridge, elyvilon_altar_5, hangedman_decor_slide_cut,
          nicolae_ru_great_annihilating_truth
D:3:      forest_paths, kennysheep_vampire_church, lemuel_doored_altar,
          uniq_terence, uniq_grinder, uniq_crazy_yiuf_cottage
D:4:      lemuel_round_altar, first_bread
D:5:      lemuel_crystal_altar, yredelemnul_forgotten_temple_becter,
          serial_shops, nicolae_shop_stone
D:6:      hangedman_cross_stitches, temple_green, wad_floor_pattern_untrapped,
          minmay_misc_feat_pillars, uniq_eustachio
D:7:      kennysheep_okawaru_gauntlet, lemuel_tele_altar, uniq_joseph
D:8:      serial_shops, shop
D:9:      zin_treasury, hangedman_tell_no_tales
D:11:     due_lair_maze_entry_diamond, serial_shops, shop
D:12:     david_orc_4, grunt_ministairs_11, uniq_nergalle
D:13:     lab_entry_generic, uniq_kirke
D:14:     kennysheep_demon_hangout, david_vaults_4, minmay_holes,
          roderic_cross_of_infinity, uniq_azrael, uniq_maud, uniq_rupert
D:15:     grunt_enter_depths_magical_seal, grunt_dithmenos_shadows
Lair:2:   basic_altar, roderic_batcave, serial_bayou_crossing,
          lemuel_fruit_fields, grunt_megastairs_5
Lair:3:   st_stairs_5
Lair:4:   minmay_shoals_entry_centaurs
Lair:5:   minmay_snake_entry_guardpost_small, minivault_25,
          infiniplex_staircase_pool_2
Lair:6:   mu_elephants_graveyard, slime_altar_1, hangedman_lair_generics_rect
Lair:8:   grunt_lair_end_beastmaster
Shoals:1: kb_tengu_band
Shoals:2: serial_shops, nicolae_shop_stone, shop_fountains, shop_statue, shop,
          shop_scrolls
Shoals:4: shoals_end_grunt_ice, shoals_ilsuiw_ice, uniq_polyphemus
Snake:2:  portal_ice_cave_entry_imps, grunt_megastairs_4, uniq_aizul,
          uniq_vashnia, uniq_frances
Snake:3:  serial_bayou_shore_a
Snake:4:  johnstein_snake_rune_scales
Orc:1:    mines2_david, uniq_fannar, uniq_urug, uniq_snorg
Orc:2:    st_orc_town, sword_in_stone
Vaults:1: nicolae_vaults_what_the_h, vaults_room_large_hall,
          hangedman_vaults_stream, serial_ice_h, v_pattern_4, v_misc_26,
          ontoclasm_vaults_twist, nicolae_vaults_ninety_degrees,
          nicolae_vaults_murderbox, hangedman_vaults_corner, v_misc_17,
          grunt_vaults_diagonal, ontoclasm_vaults_pinch, serial_shops,
          bzr_entry_safe, nicolae_shop_waterfront, shop, shop
Vaults:2: hangedman_vaults_locks, grunt_vaults_twisty, v_misc_10,
          vaults_room_pools, nicolae_vaults_little_squares_5,
          vaults_room_octagon, v_misc_19, nicolae_vaults_border_crossing,
          vaults_mumra_minichess, v_misc_12, vaults_room_grid,
          nicolae_vaults_little_squares_3, ontoclasm_vaults_decontamination,
          vaults_dpeg_encased_lava, uniq_norris, uniq_jorgrun, uniq_asterion,
          uniq_xtahua
Vaults:3: vaults_mumra_minichess_inversion, vaults_room_fours,
          nicolae_vaults_angled_halls, grunt_vaults_funnel,
          nicolae_vaults_three_branches, vaults_dpeg_ring, st_more_cells,
          minmay_crypt_entry_simple_corners, serial_shops, shop
Vaults:4: ontoclasm_vaults_eye, vaults_standard_mumra_lines,
          ontoclasm_vaults_gateway, vaults_room_door_ring, vaults_room_hallway,
          nicolae_vaults_shelves_hall, nicolae_vaults_asterisk, uniq_margery
Vaults:5: serial_shops
Depths:1: hell_entry, abyss_entry, minmay_door_square, serial_bayou_pond_b,
          laboratory
Depths:2: gammafunk_depths_water_palace, hell_entry, serial_curves,
          eino_curves_03, eino_curves_04, minivault_16, st_stairs_5
Depths:3: minmay_box_of_statues, abyss_entry_small_statue_room, pan_entry,
          hell_entry, kennysheep_underground_church,
          infiniplex_staircase_squiggle
Abyss:3:  evilmike_abyss_rune_ettins
Lab:      nicolae_lab_dead_adventurers, labyrinth_glass_1
Bazaar:   bazaar_jpeg_circle_common
IceCv:    ice_cave_small_demon

Skill      XL: |  1  2  3  4  5  6  7  8  9 10 11 12 13 14 15 16 17 18 19 20 21 22 |
---------------+-------------------------------------------------------------------+-----
Polearms       | 1 2 3 4 6 7 8 10 12 14 14 15 | 15.4
Shields        | 2 4 4 |  4.1
Dodging        | 1 3 4 8 10 11 13 14 | 14.0
Fighting       | 3 4 8 10 12 14 15 16 18 19 20 21 | 21.3
Armour         | 2 3 7 9 11 12 14 15 16 17 18 | 18.7
Spellcasting   | 0 |  0.8
Poison Magic   | 3 |  3.6
Evocations     | 0 |  0.8

Action                   |  1- 3 |  4- 6 |  7- 9 | 10-12 | 13-15 | 16-18 | 19-21 | 22-24 || total
-------------------------+-------+-------+-------+-------+-------+-------+-------+-------++-------
Melee: Spear             |   121 |   325 |   192 |       |       |       |       |       ||   638
       Kick              |     3 |    43 |    88 |   189 |   252 |   622 |   723 |   168 ||  2088
       Trident           |       |       |   145 |       |       |       |       |       ||   145
       Demon trident     |       |       |    87 |   732 |  1101 |  2060 |  1859 |   283 ||  6122
       Unarmed           |       |       |       |       |       |     5 |       |       ||     5
Throw: Stone             |       |     2 |       |       |       |       |       |       ||     2
       Javelin           |       |     2 |       |       |       |       |       |       ||     2
Invok: Sacrifice Experie |     1 |       |       |       |       |       |       |       ||     1
       Sacrifice Arcana  |       |       |     1 |       |       |       |       |       ||     1
       Sacrifice Purity  |       |       |     1 |     1 |       |       |       |       ||     2
       Sacrifice Skill   |       |       |       |     1 |       |       |       |       ||     1
       Reject Sacrifices |       |       |       |     1 |       |       |       |       ||     1
       Power Leap        |       |       |       |     1 |       |       |       |       ||     1
       Sacrifice Health  |       |       |       |       |     1 |       |       |       ||     1
       Draw Out Power    |       |       |       |       |     2 |     3 |     7 |     3 ||    15
       Apocalypse        |       |       |       |       |     2 |     2 |     4 |     1 ||     9
 Abil: Evoke Berserk Rag |       |       |     1 |     3 |     3 |     2 |     1 |       ||    10
Evoke: Wand              |       |       |     2 |     9 |       |     4 |    11 |       ||    26
  Use: Scroll            |       |     4 |     7 |    20 |    15 |    10 |    20 |     3 ||    79
       Potion            |       |       |       |       |     5 |     7 |    13 |     7 ||    32
 Stab: Sleeping          |     2 |     5 |     2 |     2 |       |       |       |       ||    11
       Distracted        |       |       |     2 |     4 |     8 |    15 |    11 |     3 ||    43
       Invisible         |       |       |       |    13 |    13 |    12 |    26 |     5 ||    69
       Paralysed         |       |       |       |       |     9 |    21 |    19 |    10 ||    59
  Eat: Chunk             |     2 |     7 |     8 |     5 |     6 |    12 |    12 |       ||    52
       Meat ration       |       |     1 |       |     1 |     4 |     5 |     2 |       ||    13
       Beef jerky        |       |       |     3 |     2 |     5 |     1 |     2 |     1 ||    14
       Fruit             |       |       |     3 |     3 |     1 |       |       |       ||     7
       Bread ration      |       |       |       |     1 |       |       |     5 |     1 ||     7
       Pizza             |       |       |       |     4 |       |       |     1 |       ||     5
       Royal jelly       |       |       |       |       |       |     7 |     1 |       ||     8
Armor: Robe              |    20 |    32 |       |       |       |       |       |       ||    52
       Leather armour    |     6 |    63 |    70 |    32 |       |       |       |       ||   171
       Chain mail        |       |       |       |   103 |       |   114 |       |       ||   217
       Plate armour      |       |       |       |    30 |   285 |   103 |       |       ||   418
       Pearl dragon armo |       |       |       |       |       |   187 |   516 |    92 ||   795
Dodge: Dodged            |    55 |   121 |    89 |   115 |   135 |   461 |   864 |   116 ||  1956
Block: Shield            |       |     3 |       |       |       |       |       |       ||     3
       Buckler           |       |    10 |    36 |    76 |    88 |   245 |   359 |    69 ||   883
